 Dungeon Crawl Stone Soup version 0.29.0-4-gdea44cf6ec (webtiles) character file.

Game seed: 17554581792195537751

970 Arum the Trooper (level 8, 0/68 HPs)
             Began as a Formicid Fighter on Aug 27, 2022.
             Succumbed to an orc's poison
             ... on level 5 of the Dungeon.
             The game lasted 00:08:01 (3622 turns).

Arum the Trooper (Formicid Fighter)                 Turns: 3622, Time: 00:08:02

Health: 0/68       AC:  9    Str: 28    XL:     8   Next: 38%
Magic:  8/8        EV:  9    Int:  9    God:
Gold:   287        SH:  0    Dex: 13    Spells: 7/7 levels left

rFire   . . .      SeeInvis +   o - +5 scythe (venom)
rCold   . . .      Faith    .   c - +0 buckler
rNeg    . . .      Spirit   .   b - +0 scale mail
rPois   .          Reflect  .   (helmet unavailable)
rElec   .          Harm     .   k - +0 cloak
rCorr   .          Rampage  .   e - +0 pair of gloves
Will    .....                   (no boots)
Stlth   ..........              (no amulet)
HPRegen 0.21/turn               l - +6 ring of strength
MPRegen 0.11/turn               (no ring)

@: confused, brilliant, lethally poisoned (0 -> -28), ambrosia-drunk
A: permanent stasis, dig shafts and tunnels, antennae 3, four strong arms
a: Dig, Shaft Self


You were on level 5 of the Dungeon.
You visited 1 branch of the dungeon, and saw 5 of its levels.

You collected 287 gold pieces.

Inventory:

Hand Weapons
 a - a +0 quarterstaff of venom
 o - a +5 scythe of venom (weapon)
Missiles
 v - 2 javelins
Armour
 b - a +0 scale mail (worn)
 c - a +0 buckler (worn)
 e - a +0 pair of gloves (worn)
 k - a +0 cloak (worn)
Jewellery
 j - a +6 ring of dexterity
 l - a +6 ring of strength (left hand)
 n - a ring of ice
Wands
 h - a wand of flame (6)
 s - a wand of polymorph (8)
Scrolls
 d - a scroll of identify
 f - a scroll of brand weapon
 g - 3 scrolls of magic mapping
Potions
 m - a potion of lignification {unknown}
 q - a potion of haste
 t - a potion of degeneration {unknown}
 w - 2 potions of attraction


   Skills:
 * Level 7.8 Fighting
 + Level 3.2(3.9) Polearms
 - Level 3.3(4.0) Staves
 - Level 3.2 Armour
 + Level 7.2 Shields


You had 7 spell levels left.
You didn't know any spells.
Your spell library contained the following spells:

 Spells                   Type           Power      Damage    Failure   Level
 Freeze                   Ice            0%         1d3       71%         1
 Sandblast                Erth           0%         2d4       71%         1
 Summon Small Mammal      Summ           0%         N/A       71%         1
 Passwall                 Tmut/Erth      0%         N/A       83%         2
 Call Canine Familiar     Summ           0%         N/A       97%         3
 Frozen Ramparts          Ice            0%         1d1       97%         3
 Gell's Gravitas          Tloc           0%         N/A       97%         3
 Lesser Beckoning         Tloc           0%         N/A       97%         3
 Stone Arrow              Conj/Erth      0%         3d7       97%         3
 Summon Guardian Golem    Hex/Summ       0%         N/A       97%         3
 Teleport Other           Tloc           0%         N/A       97%         3
 Hailstorm                Conj/Ice       0%         3d3       100%        4
 Passage of Golubria      Tloc           0%         N/A       100%        4
 Silence                  Hex/Air        0%         N/A       100%        5
 Lehudib's Crystal Spear  Conj/Erth      0%         10d2      100%        8


Dungeon Overview and Level Annotations

Branches:
Dungeon (5/15)
 Temple: D:4-7

Altars:
Fedhas
Hepliaklqana

Shops:
D:1 :


Innate Abilities, Weirdness & Mutations

You cannot be hasted, slowed, berserked, paralysed or teleported.
You can dig through walls and to a lower floor.
You have a pair of large antennae on your head. (SInv)
Your four strong arms can wield two-handed weapons with a shield.


Message History

The orc wizard is severely wounded.
The orc wizard hits you but does no damage.
You closely miss the orc wizard.
The orc wizard is severely wounded.
You kill the orc wizard!
It was a potion of curing.
You feel better. The orc hits you but does no damage.
Reach: o) +5 scythe (venom)
Press: ? - help, Dir - move target, f - orc
Aim: an orc, wielding a +1 falchion of venom (about 38% to evade your +5 scythe of venom)
You closely miss the orc. The orc hits you but does no damage.
You are poisoned.
It was a potion of brilliance.
You feel clever all of a sudden.
You feel sick.
The orc hits you with a +1 falchion of venom.
* * * LOW HITPOINT WARNING * * *
You are lethally poisoned!
You barely miss the orc.
* * * LOW HITPOINT WARNING * * *
You feel very sick.
The orc hits you with a +1 falchion of venom.
* * * LOW HITPOINT WARNING * * *
You are more poisoned.
The orc hits you but does no damage.
You are more poisoned.
Unknown command.
Reach: o) +5 scythe (venom)
Press: ? - help, Dir - move target, f/p - orc
Aim: an orc, wielding a +1 falchion of venom (about 38% to evade your +5 scythe of venom)
Okay, then.
It was a potion of ambrosia.
You are confused.
You feel invigorated.
* * * LOW HITPOINT WARNING * * *
You feel very sick. The orc hits you but does no damage.
You are more poisoned.
You bump into the rock wall.
You die...

..# ... #.. ##..
#... #... ...
##...######### #.#
#.....Soo@...# #.#
#.##########.# #.#
######.### #.#
#....)...######.#
#.####.#......#.##
#.######.#>.# {
#.# #.##.# #.#
#.##.### #.#
#.......


You could see an adder and 2 orcs.

Vanquished Creatures
  Sigmund (D:2)
  Duvessa (D:4)
  A water moccasin (D:5)
  An ogre (D:4)
  A bullfrog (D:3)
  Dowan (D:4)
  2 hounds (D:4)
  A jelly (D:4)
  Terence (D:2)
  An iguana (D:5)
  5 orc wizards
  Robin (D:3)
  5 adders
  A white imp (D:5)
  A worm (D:3)
  2 dart slugs (D:3)
  7 orcs
  7 ball pythons
  An endoplasm (D:3)
  11 goblins
  11 hobgoblins
  6 jackals
  6 kobolds
  3 bats
  2 frilled lizards
  3 rats
83 creatures vanquished.

Notes
Turn   | Place    | Note
-------+----------+-------------------------------------------
     0 | D:1      | Arum the Formicid Fighter began the quest for the Orb.
     0 | D:1      | Reached XP level 1. HP: 18/18 MP: 1/1
   153 | D:1      | Reached XP level 2. HP: 16/24 MP: 2/2
   505 | D:1      | Found Dolur's Book Shoppe.
  1091 | D:2      | Reached XP level 3. HP: 30/30 MP: 3/3
  1127 | D:2      | Noticed Terence
  1140 | D:2      | Killed Terence
  1263 | D:2      | Reached XP level 4. HP: 38/38 MP: 4/4
  1530 | D:2      | Noticed Sigmund
  1554 | D:2      | Killed Sigmund
  1555 | D:2      | Reached skill level 5 in Fighting
  1555 | D:2      | Reached skill level 5 in Shields
  1555 | D:2      | Reached XP level 5. HP: 32/44 MP: 5/5
  1555 | D:2      | Reached XP level 6. HP: 37/51 MP: 6/6
  1827 | D:3      | Found a faded altar of an unknown god.
  1891 | D:3      | Noticed Robin
  1909 | D:3      | Killed Robin
  2157 | D:3      | Found a transporter.
  2161 | D:3      | Found a blossoming altar of Fedhas.
  2161 | D:3      | Found a transporter.
  2561 | D:3      | Reached skill level 1 in Polearms
  2561 | D:3      | Reached XP level 7. HP: 17/57 MP: 7/7
  2785 | D:4      | Noticed Duvessa
  2785 | D:4      | Noticed Dowan
  2874 | D:4      | Killed Duvessa
  2883 | D:4      | Killed Dowan
  3199 | D:4      | Found a hazy altar of Hepliaklqana.
  3262 | D:4      | Reached XP level 8. HP: 62/67 MP: 8/8
  3485 | D:5      | Entered Level 5 of the Dungeon
  3575 | D:5      | Identified the +3 dagger of Imbalance {flame, rC+ Will+}
  3620 | D:5      | HP: 3/68 [orc/+1 falchion of venom (4)]
  3622 | D:5      | Succumbed to an orc's poison

Illustrated notes

Levels and vault maps discovered:
D:1:      minmay_arrival_shattered_statue, layout_basic, serial_shops,
          nicolae_square_shop, minmay_misc_feat_encased
D:2:      layout_loops_ring, uniq_sigmund, uniq_terence
D:3:      layout_basic, gammafunk_temple_overflow_arena, basic_ecumenical_altar,
          serial_bayou_crossing, uniq_robin
D:4:      layout_rooms, mainiacjoe_overflow_small_starburst, dk_noncrumbling_4,
          uniq_duvessa
D:5:      layout_loops_ring, nicolae_qazlal_scattered_showers, minmay_pentangle,
          uniq_blork_the_orc

Skill      XL: |  1  2  3  4  5  6  7  8 |
---------------+-------------------------+-----
Fighting       | 4 5 6 7 |  7.8
Staves         | 3 |  3.3
Shields        | 5 6 7 |  7.2
Polearms       | 1 2 3 |  3.2
Armour         | |  3.2

Action                   |  1- 3 |  4- 6 |  7- 9 || total
-------------------------+-------+-------+-------++-------
Melee: Quarterstaff      |    61 |    23 |     1 ||    85
       Halberd           |       |    56 |    84 ||   140
 Abil: Dig               |       |     2 |       ||     2
  Use: Potion            |       |     1 |     3 ||     4
       Scroll            |       |       |     7 ||     7
Armor: Scale mail        |    18 |    40 |    46 ||   104
Dodge: Dodged            |    25 |    33 |    32 ||    90
Block: Buckler           |    13 |    25 |    17 ||    55
